 Dungeon Crawl Stone Soup version 0.18.1-50-g88ac8fd (webtiles) character file.

5714 tognito the Cleaver (level 10, -4/94 HPs)
             Began as a Minotaur Berserker on Oct 15, 2016.
             Was a High Priest of Trog.
             Killed from afar by an electric eel (10 damage)
             ... with a bolt of electricity
             ... on level 10 of the Dungeon.
             The game lasted 00:20:26 (8705 turns).

tognito the Cleaver (Minotaur Berserker)            Turns: 8705, Time: 00:20:27

Health: -4/94      AC:  9    Str: 26    XL:     10   Next: 48%
Magic:  9/9        EV: 12    Int:  4    God:    Trog [*****.]
Gold:   366        SH:  5    Dex:  9    Spells: 0 memorised, 9 levels left

rFire  . . .     SeeInvis .     a - +1 battleaxe (freeze)
rCold  . . .     Gourm    .     o - +2 scale mail {MR+}
rNeg   . . .     Faith    .     (shield currently unavailable)
rPois  .         Spirit   .     (helmet unavailable)
rElec  .         Dismiss  .     (no cloak)
rCorr  .         Reflect  +     (no gloves)
SustAt .         Harm     .     g - +1 pair of boots
MR     +....     Rnd*Rage +     d - +5 amulet of reflection
Stlth  ..........               (no ring)
                                (no ring)

@: lethally poisoned (-4 -> -8), drained, somewhat resistant to hostile
enchantments, extremely unstealthy
A: retaliatory headbutt, horns 3, berserk 1, deformed body
a: Berserk, Trog's Hand, Brothers in Arms, Burn Spellbooks, Renounce Religion


You were on level 10 of the Dungeon.
You worshipped Trog.
Trog was extremely pleased with you.
You were very hungry.

You visited 1 branch of the dungeon, and saw 10 of its levels.

You collected 567 gold pieces.
You spent 201 gold pieces at shops.

Inventory:

Hand Weapons
 a - a +1 battleaxe of freezing (weapon)
Missiles
 l - 62 bolts
Armour
 g - a +1 pair of boots (worn)
 o - a +2 scale mail of magic resistance (worn)
 v - a +0 plate armour
Jewellery
 d - a +5 amulet of reflection (around neck)
Wands
 r - a wand of confusion (28/48)
 x - a wand of iceblast (7/15)
 y - a wand of digging (10/24)
Scrolls
 b - 8 scrolls of identify
 e - 5 scrolls of remove curse
 h - 4 scrolls of fear
 j - 2 scrolls of magic mapping
 n - 2 scrolls of teleportation
 q - 2 scrolls of fog
 s - a scroll of blinking
Potions
 i - a potion of berserk rage
 t - a potion of might
Comestibles
 c - 4 bread rations
 f - 3 beef jerkies
 k - a royal jelly
 m - 6 meat rations
 p - a slice of pizza
 u - 7 fruits


   Skills:
 * Level 10.8(10.2) Fighting
 * Level 12.5(11.9) Axes
 + Level 7.6(7.1) Armour
 + Level 6.5(5.9) Dodging
 + Level 0.1(0.0) Evocations


You had 9 spell levels left.
You didn't know any spells.

Dungeon Overview and Level Annotations

Branches:
Dungeon (10/15)            Temple (0/1) D:5
   Lair: D:8-11         Orc: D:9-12

Altars:
Elyvilon
Gozag
Nemelex Xobeh
Okawaru
Pakellas
Qazlal
Trog
Yredelemnul
Zin
The Shining One

Shops:
D:4 (?(*[   D:9 !


Innate Abilities, Weirdness & Mutations

You reflexively headbutt those who attack you in melee.
You have a pair of large horns on your head.
You tend to lose your temper in combat.
Armour fits poorly on your strangely shaped body.


Message History

You kill the killer bee!
Trog accepts your kill. The killer bee stings you.
* * * LOW HITPOINT WARNING * * *
The killer bee barely misses you. You furiously retaliate!
You headbutt the killer bee.
You kill the killer bee!
Trog accepts your kill.
You feel sick.
The electric eel shoots out a bolt of lightning at you!
The bolt of electricity hits you!
* * * LOW HITPOINT WARNING * * *
The bolt of electricity hits you!
* * * LOW HITPOINT WARNING * * *
The bolt of electricity hits the electric eel.
The electric eel completely resists.
The bolt of electricity hits the plant.
You feel sick.
The electric eel shoots out a bolt of lightning at you!
The bolt of electricity hits you!
You die...

#.............
#####.<..####
##........#
#....###.##
#.######....###>.
.................
#########..####.
#..### #@...#
♣♣#####....#
≈≈≈≈≈≈;;...#
≈≈≈≈PP†††..#
≈≈P≈P≈≈....#
≈≈≈P≈≈≈≈.....
≈≈≈P≈P≈...###.#
≈≈≈≈≈≈P...( .
≈≈≈≈≈≈P.....


You could see 2 electric eels.

Vanquished Creatures
  Psyche (D:8)
  The ghost of HopefulHyena the Chopper, an amateur MiBe of Trog (D:4)
  A two-headed ogre (D:8)
  2 humans (D:8)
  A wyvern (D:9)
  Menkaure (D:5)
  2 ice beasts
  5 phantoms
  A sky beast (D:8)
  A black bear (D:9)
  3 orc warriors
  6 ogres
  An eye of draining (D:8)
  3 centaurs
  A crocodile (D:8)
  A big kobold (D:8)
  5 giant frogs
  3 scorpions
  5 killer bees (D:10)
  5 wights (D:9)
  A howler monkey (D:9)
  3 crimson imps
  A centaur zombie (D:5)
  A hound (D:9)
  2 giant frog zombies
  2 jellies
  A centaur skeleton (D:8)
  6 orc priests
  5 giant frog skeletons
  A gnoll shaman (D:9)
  3 iguanas
  5 orc wizards
  9 worker ants
  12 gnolls
  A howler monkey skeleton (D:5)
  9 adders
  3 river rats (D:5)
  A shadow imp (D:8)
  A white imp (D:5)
  An adder skeleton (D:4)
  4 worms
  A dart slug (D:2)
  6 giant geckos
  35 orcs
  4 giant cockroaches
  5 goblins
  4 hobgoblins
  16 jackals
  4 quokkas
  5 ball pythons
  8 bats
  6 giant newts
  2 goblin skeletons (D:5)
  A goblin zombie (D:5)
  4 hobgoblin zombies (D:5)
  6 kobolds
  3 orc zombies (D:5)
  A quokka skeleton (D:6)
  10 rats
242 creatures vanquished.

Vanquished Creatures (others)
  An adder (D:10)
1 creature vanquished.

Grand Total: 243 creatures vanquished

Notes
Turn   | Place    | Note
--------------------------------------------------------------
     0 | D:1      | tognito the Minotaur Berserker began the quest for the Orb.
     0 | D:1      | Reached XP level 1. HP: 19/19 MP: 0/0
   214 | D:1      | Reached XP level 2. HP: 27/27 MP: 1/1
   215 | D:1      | Reached skill level 4 in Axes
   582 | D:2      | Reached ** piety under Trog
   809 | D:2      | Reached XP level 3. HP: 33/33 MP: 2/2
   836 | D:2      | Found an opulent altar of Gozag.
  1283 | D:2      | Reached XP level 4. HP: 31/41 MP: 3/3
  1652 | D:3      | Reached skill level 5 in Fighting
  1652 | D:3      | Reached skill level 5 in Axes
  1879 | D:3      | Reached XP level 5. HP: 48/48 MP: 4/4
  2233 | D:3      | Found an oddly glowing altar of Pakellas.
  2245 | D:3      | Reached *** piety under Trog
  2258 | D:3      | Found a bloodstained altar of Trog.
  2289 | D:3      | Found a basalt altar of Yredelemnul.
  2857 | D:4      | Found Uway's Weapon Boutique.
  2992 | D:4      | Found Weerrucw's Magic Scroll Shop.
  3098 | D:4      | Found Fuomel's Antique Weapon Emporium.
  3101 | D:4      | Bought a glowing battleaxe for 201 gold pieces
  3150 | D:4      | Found a white marble altar of Elyvilon.
  3283 | D:4      | Found Ikathuaz's Assorted Antiques.
  3287 | D:4      | Found Nagh's Armour Emporium.
  3331 | D:4      | Noticed HopefulHyena's ghost (amateur MiBe)
  3342 | D:4      | Killed HopefulHyena's ghost
  3342 | D:4      | Reached skill level 6 in Axes
  3342 | D:4      | Reached XP level 6. HP: 44/57 MP: 5/5
  3595 | D:4      | Reached XP level 7. HP: 63/63 MP: 6/6
  3637 | D:5      | Entered Level 5 of the Dungeon
  3662 | D:5      | Found a glowing golden altar of the Shining One.
  3805 | D:5      | Reached skill level 7 in Axes
  3844 | D:5      | Reached skill level 5 in Armour
  3849 | D:5      | Reached XP level 8. HP: 64/73 MP: 7/7
  3926 | D:5      | Noticed Menkaure
  3930 | D:5      | Killed Menkaure
  3977 | D:5      | Found a staircase to the Ecumenical Temple.
  4003 | D:5      | Reached skill level 8 in Axes
  4130 | D:5      | Found a stormy altar of Qazlal.
  4830 | D:6      | Reached skill level 5 in Dodging
  5046 | D:6      | Reached skill level 9 in Axes
  5597 | D:6      | Found a glowing silver altar of Zin.
  5599 | D:6      | Found a stormy altar of Qazlal.
  5700 | D:7      | Reached XP level 9. HP: 82/82 MP: 8/8
  5703 | D:7      | Reached **** piety under Trog
  5881 | D:7      | Reached skill level 10 in Axes
  6793 | D:8      | Noticed Psyche
  7237 | D:8      | Reached skill level 11 in Axes
  7381 | D:8      | Killed Psyche
  7381 | D:8      | Reached skill level 10 in Fighting
  7498 | D:8      | Reached ***** piety under Trog
  7498 | D:8      | Reached XP level 10. HP: 85/93 MP: 9/9
  7529 | D:8      | Found an iron altar of Okawaru.
  7962 | D:9      | Reached skill level 12 in Axes
  7964 | D:9      | Found a sparkling altar of Nemelex Xobeh.
  8001 | D:9      | Gained mutation: You tend to lose your temper in combat. [potion of mutation]
  8001 | D:9      | Gained mutation: Armour fits poorly on your strangely shaped body. [potion of mutation]
  8001 | D:9      | Gained mutation: You have a pair of large horns on your head. [potion of mutation]
  8416 | D:9      | Found Nilypp's Distillery.
  8677 | D:10     | Entered Level 10 of the Dungeon
  8705 | D:10     | Killed from afar by an electric eel

Skill      XL: |  1  2  3  4  5  6  7  8  9 10 |
---------------+-------------------------------+-----
Axes           | 4 5 6 7 9 11 12 | 12.5
Fighting       | 4 5 6 7 8 10 | 10.8
Armour         | 3 4 5 7 |  7.6
Dodging        | 3 4 5 6 |  6.5
Evocations     | |  0.1

Action                   |  1- 3 |  4- 6 |  7- 9 | 10-12 || total
-------------------------+-------+-------+-------+-------++-------
Melee: Hand axe          |    83 |    90 |       |       ||   173
       Headbutt          |    14 |    20 |    42 |    21 ||    97
       Battleaxe         |       |    16 |   243 |    95 ||   354
Invok: Trog's Hand       |       |     1 |       |       ||     1
Evoke: Wand              |       |       |       |     2 ||     2
  Use: Scroll            |     7 |     1 |     3 |     3 ||    14
       Potion            |     3 |     1 |     6 |     2 ||    12
 Stab: Sleeping          |     1 |       |       |       ||     1
       Invisible         |       |       |     2 |       ||     2
  Eat: Chunk             |     1 |     8 |    12 |     3 ||    24
       Pizza             |       |       |     1 |       ||     1
Armor: Ring mail         |    23 |    15 |       |       ||    38
       Animal skin       |     3 |       |       |       ||     3
       Scale mail        |       |    26 |    88 |    43 ||   157
       Plate armour      |       |       |     5 |       ||     5
Dodge: Dodged            |    33 |    61 |   105 |    62 ||   261
Block: Other             |    22 |    23 |    47 |    44 ||   136
       Reflection        |       |       |     5 |     2 ||     7
